 Dungeon Crawl Stone Soup version 0.26.1-11-gd32895ea62 (webtiles) character file.

Game seed: 11300676491340117642

84 nothank2 the Covert (level 4, 0/22 HPs)
             Began as a Spriggan Brigand on June 9, 2021.
             Slain by an adder (2 damage)
             ... on level 2 of the Dungeon.
             The game lasted 00:04:39 (1579 turns).

nothank2 the Covert (Spriggan Brigand)              Turns: 1579, Time: 00:04:39

Health: 0/22       AC:  3    Str:  7    XL:     4   Next: 23%
Magic:  0/5        EV: 17    Int: 12    God:
Gold:   90         SH:  0    Dex: 18    Spells: 3/3 levels left

rFire    . . .     SeeInvis +   a - +2 dagger
rCold    . . .     Faith    .   (shield restricted)
rNeg     . . .     Spirit   +   b - +0 robe
rPois    .         Reflect  .   (helmet restricted)
rElec    .         Harm     .   c - +0 cloak
rCorr    .         Rampage  .   (gloves unavailable)
Will     .....                  (boots unavailable)
Stlth    ++++......             p - amulet of guardian spirit
HPRegen  0.07/turn              h - ring of flight
MPRegen  0.09/turn              (no ring)

@: lethally poisoned (0 -> -7), flying, very quick
A: very small, unfitting armour, see invisible, speed 3
a: no special abilities


You were on level 2 of the Dungeon.
You visited 1 branch of the dungeon, and saw 2 of its levels.

You collected 90 gold pieces.

Inventory:

Hand Weapons
 a - a +2 dagger (weapon)
Missiles
 d - 8 poisoned darts (quivered)
 e - 2 curare-tipped darts
 r - 8 boomerangs
Armour
 b - a +0 robe (worn)
 c - a +0 cloak (worn)
 k - a +0 pair of boots
Jewellery
 h - a ring of flight (left hand)
 p - an amulet of guardian spirit (around neck)
Scrolls
 f - 2 scrolls of immolation {unknown}
 i - 2 scrolls of blinking {unknown}
 j - 2 scrolls of teleportation {unknown}
 l - a scroll of magic mapping {unknown}
 m - 3 scrolls of enchant armour {unknown}
 n - a scroll of identify {unknown}
 o - a scroll of random uselessness {unknown}
 q - a scroll of remove curse {unknown}
Potions
 g - a potion of flight
 s - a potion of mutation {unknown}


   Skills:
 - Level 1.5 Fighting
 - Level 2.4 Short Blades
 - Level 2.0 Throwing
 - Level 2.0 Dodging
 + Level 8.5 Stealth


You had 3 spell levels left.
You didn't know any spells.
Your spell library was empty.

Dungeon Overview and Level Annotations

Branches:
Dungeon (2/15)

Altars:


Innate Abilities, Weirdness & Mutations

You are very small and have problems with some larger weapons.
You are too small for most types of armour.
You have supernaturally acute eyesight. (SInv)
You cover ground extremely quickly.


Message History

The adder is heavily wounded.
The adder bites you.
You hit the adder.
The adder is severely wounded.
The adder barely misses you.
You hit the adder but do no damage.
The adder is severely wounded.
The adder bites you.
You are poisoned.
The adder poisons you!
You miss the adder.
The adder is severely wounded.
You feel sick. The adder bites you.
* * * LOW HITPOINT WARNING * * *
The adder bites you.
* * * LOW HITPOINT WARNING * * *
It was a potion of flight.
You feel very buoyant.
You fly up into the air.
The adder bites you.
You die...

#.#...>.......
#.#.######.#..
#####.#........###
#.....#.....#.....
#.###.#.##.##.####
#.# ###.##.##.#
#(# #.##.##.# #.#
#....##.# #@#
###..##.#
#.Sb....#..##.#
#######.#.)...#
#.##### #.....#
#..##.# #..##.#
##(##.# #.##.####


You could see an adder and a bat.

Vanquished Creatures
  4 adders (D:2)
  2 worms (D:2)
  2 dart slugs (D:2)
  2 leopard geckos (D:2)
  3 giant cockroaches
  4 goblins
  4 hobgoblins
  5 jackals
  2 bats (D:2)
  A frilled lizard (D:1)
  3 kobolds
  5 rats
37 creatures vanquished.

Notes
Turn   | Place    | Note
-------+----------+-------------------------------------------
     0 | D:1      | nothank2 the Spriggan Brigand began the quest for the Orb.
     0 | D:1      | Reached XP level 1. HP: 10/10 MP: 2/2
   119 | D:1      | Reached skill level 6 in Stealth
   321 | D:1      | Reached XP level 2. HP: 11/14 MP: 3/3
   978 | D:2      | Reached skill level 7 in Stealth
  1064 | D:2      | Reached XP level 3. HP: 18/18 MP: 4/4
  1376 | D:2      | Reached skill level 8 in Stealth
  1383 | D:2      | Reached XP level 4. HP: 22/22 MP: 5/5
  1579 | D:2      | Slain by an adder

Illustrated notes

Levels and vault maps discovered:
D:1:      amcnicky_arrival_flooded_fountain, layout_basic
D:2:      layout_basic

Skill      XL: |  1  2  3 |
---------------+----------+-----
Stealth        | 6 7 8 |  8.5
Dodging        | 2 |  2.0
Fighting       | |  1.5
Short Blades   | |  2.4
Throwing       | |  2.0

Action                   |  1- 3 |  4- 6 || total
-------------------------+-------+-------++-------
Melee: Dagger            |    89 |    36 ||   125
  Use: Potion            |       |     1 ||     1
 Stab: Sleeping          |    13 |     1 ||    14
Armor: Robe              |    10 |       ||    10
Dodge: Dodged            |    59 |    22 ||    81
